 Dungeon Crawl Stone Soup version 0.29-a0-323-g050149af67 (webtiles) character file.

Game seed: 7347301617007051433

240 greenreed the Insei (level 6, -5/47 HPs)
             Began as a Gnoll Transmuter on Apr 10, 2022.
             Killed from afar by an orc wizard (11 damage)
             ... with a puff of flame
             ... on level 4 of the Dungeon.
             The game lasted 00:08:43 (3819 turns).

greenreed the Insei (Gnoll Transmuter)              Turns: 3819, Time: 00:08:44

Health: -5/47      AC:  2    Str: 15    XL:     6   Next: 8%
Magic:  13/13      EV: 17    Int: 15    God:
Gold:   65         SH:  0    Dex: 12    Spells: 9/15 levels left

rFire   . . .      SeeInvis .     - Unarmed
rCold   . . .      Faith    .   (no shield)
rNeg    . . .      Spirit   .   a - +0 robe
rPois   .          Reflect  +   (no helmet)
rElec   .          Harm     .   (no cloak)
rCorr   .          Rampage  .   (no gloves)
Will    .....                   (no boots)
Stlth   +.........              h - amulet of reflection
HPRegen 0.15/turn               j - +4 ring of evasion
MPRegen 0.13/turn               p - +6 ring of strength

@: confused, wereblooded
A: fangs 1, strong nose, distributed training
a: no special abilities


You were on level 4 of the Dungeon.
You visited 1 branch of the dungeon, and saw 4 of its levels.

You collected 65 gold pieces.

Inventory:

Missiles
 n - 5 curare-tipped darts
 q - 2 poisoned darts
Armour
 a - a +0 robe (worn)
Jewellery
 h - an amulet of reflection (around neck)
 j - a +4 ring of evasion (left hand)
 l - a ring of ice
 p - a +6 ring of strength (right hand)
 t - a +6 ring of dexterity
Scrolls
 c - a scroll of acquirement {unknown}
 e - a scroll of vulnerability {unknown}
 f - 4 scrolls of identify {unknown}
 g - a scroll of teleportation {unknown}
 i - a scroll of brand weapon {unknown}
 s - a scroll of immolation {unknown}
Potions
 b - 2 potions of lignification
 d - 2 potions of invisibility {unknown}
 k - a potion of brilliance {unknown}
 m - a potion of attraction {unknown}
 o - a potion of magic {unknown}
 r - a potion of curing {unknown}


   Skills:
 + Level 3.1 Fighting
 + Level 1.8 Short Blades
 + Level 1.8 Long Blades
 + Level 1.8 Axes
 + Level 1.8 Maces & Flails
 + Level 1.8 Polearms
 + Level 1.8 Staves
 + Level 1.8 Slings
 + Level 1.8 Bows
 + Level 1.8 Crossbows
 + Level 1.8 Throwing
 + Level 1.8 Armour
 + Level 4.9 Dodging
 + Level 1.8 Stealth
 + Level 1.8 Shields
 + Level 6.8 Unarmed Combat
 + Level 5.3 Spellcasting
 + Level 1.4 Conjurations
 + Level 1.4 Hexes
 + Level 1.4 Summonings
 + Level 1.4 Necromancy
 + Level 1.4 Translocations
 + Level 4.0 Transmutations
 + Level 1.4 Fire Magic
 + Level 1.4 Ice Magic
 + Level 1.4 Air Magic
 + Level 1.4 Earth Magic
 + Level 1.4 Poison Magic
 + Level 2.0 Invocations
 + Level 1.8 Evocations


You had 9 spell levels left.
You knew the following spells:

 Your Spells              Type           Power      Damage    Failure   Level
a - Beastly Appendage     Tmut           32%        N/A       3%          1
b - Wereblood             Tmut           16%        N/A       4%          2
c - Spider Form           Tmut/Pois      12%        N/A       16%         3

Your spell library contained the following spells:

 Spells                   Type           Power      Damage    Failure   Level
 Ice Form                 Ice/Tmut       12%        N/A       45%         4


Dungeon Overview and Level Annotations

Branches:
Dungeon (4/15)
 Temple: D:4-7

Altars:

Annotations:
D:3 2 transporters, Cecur's ghost, amateur DsGl
D:4 Grinder


Innate Abilities, Weirdness & Mutations

You have very sharp teeth.
Your uncanny sense of smell can sniff out nearby items.
Your experience applies equally to all skills.


Message History

You hit the orc wizard but do no damage.
You bite the orc wizard, but do no damage.
The orc wizard is lightly wounded.
The orc wizard hits you but does no damage.
The orc wizard gestures at you while chanting.
You resist with some effort.
You bump into the rock wall.
The orc wizard points at you and mumbles some strange words.
The magic dart hits you. The orc wizard casts a spell at you.
The magic dart hits you.
You bump into the rock wall.
The orc wizard barely misses you. The orc wizard closely misses you.
You bump into the rock wall.
The orc wizard points at you and mumbles some strange words.
You are more confused.
The orc wizard casts a spell.
The orc wizard flickers and vanishes!
Deactivating autopickup; reactivate with Ctrl-A.
You bump into the rock wall.
The orc wizard hits you with a +0 dagger.
Something hits you.
You closely miss the orc wizard.
The orc wizard is moderately wounded.
The orc wizard gestures wildly while chanting.
The orc wizard flickers and vanishes!
Something hits you.
You're too confused to move!
You hear some strange, mumbled words.
A puff of flame appears from out of thin air!
The puff of flame hits you!
* * * LOW HITPOINT WARNING * * *
You hear some strange, mumbled words.
A magic dart appears from out of thin air!
The magic dart hits you.
* * * LOW HITPOINT WARNING * * *
You bump into the rock wall.
You hear some strange, mumbled words.
A puff of flame appears from out of thin air!
The puff of flame hits you!
You die...

.............o. #+#
#.# ∆
###########.#########
......o{@##.#<......#
.......#{##.#######.#
######.#.##.# #.#
#.#....#######.#
#..............#
#########.######
...............
K####.####.#### ...
..


You could see an orc.

Vanquished Creatures
  An iguana (D:3)
  2 orc wizards (D:3)
  3 adders
  3 gnolls (D:3)
  A worm (D:2)
  2 dart slugs
  3 orcs
  8 endoplasms
  5 giant cockroaches
  4 hobgoblins
  10 jackals
  5 ball pythons
  7 bats
  3 frilled lizards
  4 goblins
  6 kobolds
  8 rats
75 creatures vanquished.

Vanquished Creatures (others)
  An orc wizard (D:3)
  5 plants (D:3)
6 creatures vanquished.

Grand Total: 81 creatures vanquished

Notes
Turn   | Place    | Note
-------+----------+-------------------------------------------
     0 | D:1      | greenreed the Gnoll Transmuter began the quest for the Orb.
     0 | D:1      | Reached XP level 1. HP: 17/17 MP: 6/6
   200 | D:1      | Reached XP level 2. HP: 23/23 MP: 7/7
   693 | D:1      | Found a faded altar of an unknown god.
   789 | D:1      | Reached XP level 3. HP: 28/28 MP: 9/9
   903 | D:1      | Reached skill level 5 in Spellcasting
  1292 | D:2      | Learned a level 2 spell: Wereblood
  1296 | D:2      | Learned a level 3 spell: Spider Form
  1304 | D:2      | Reached skill level 1 in Invocations
  1547 | D:2      | Reached skill level 1 in Short Blades
  1547 | D:2      | Reached skill level 1 in Long Blades
  1547 | D:2      | Reached skill level 1 in Axes
  1547 | D:2      | Reached skill level 1 in Maces & Flails
  1547 | D:2      | Reached skill level 1 in Polearms
  1547 | D:2      | Reached skill level 1 in Staves
  1547 | D:2      | Reached skill level 1 in Slings
  1547 | D:2      | Reached skill level 1 in Bows
  1547 | D:2      | Reached skill level 1 in Crossbows
  1547 | D:2      | Reached skill level 1 in Throwing
  1547 | D:2      | Reached skill level 1 in Armour
  1547 | D:2      | Reached skill level 1 in Stealth
  1547 | D:2      | Reached skill level 1 in Shields
  1547 | D:2      | Reached skill level 1 in Evocations
  1586 | D:2      | Reached XP level 4. HP: 20/34 MP: 11/11
  2278 | D:3      | Reached skill level 1 in Conjurations
  2278 | D:3      | Reached skill level 1 in Hexes
  2278 | D:3      | Reached skill level 1 in Summonings
  2278 | D:3      | Reached skill level 1 in Necromancy
  2278 | D:3      | Reached skill level 1 in Translocations
  2278 | D:3      | Reached skill level 1 in Fire Magic
  2278 | D:3      | Reached skill level 1 in Ice Magic
  2278 | D:3      | Reached skill level 1 in Air Magic
  2278 | D:3      | Reached skill level 1 in Earth Magic
  2278 | D:3      | Reached skill level 1 in Poison Magic
  2593 | D:3      | Reached XP level 5. HP: 39/40 MP: 10/12
  3272 | D:3      | Identified the +7 halberd of the Vestibule of Hell {venom,
                  | rC+}
  3287 | D:3      | Found a transporter.
  3289 | D:3      | Found a transporter.
  3439 | D:3      | Noticed Cecur's ghost (amateur DsGl)
  3585 | D:3      | Reached XP level 6. HP: 38/47 MP: 13/13
  3694 | D:4      | Noticed Grinder
  3819 | D:4      | Killed from afar by an orc wizard

Illustrated notes

Levels and vault maps discovered:
D:1:      ebering_hopf_link, layout_loops_cross, ebering_ecumenical_altar_rust,
          st_stairs_3, ebering_dispersal_statue_hall
D:2:      layout_basic
D:3:      layout_basic, gammafunk_ghost_gnarly_gnolls,
          chequers_serial_rivers_micro_c, chequers_serial_rivers_micro_d
D:4:      layout_basic, old_standard_altar, kennysheep_mini_moat,
          item_on_display_a, uniq_pikel, uniq_grinder, uniq_duvessa

Skill      XL: |  1  2  3  4  5 |
---------------+----------------+-----
Spellcasting   | 5 |  5.3
Invocations    | 1 2 |  2.0
Short Blades   | 1 |  1.8
Long Blades    | 1 |  1.8
Axes           | 1 |  1.8
Maces & Flails | 1 |  1.8
Polearms       | 1 |  1.8
Staves         | 1 |  1.8
Slings         | 1 |  1.8
Bows           | 1 |  1.8
Crossbows      | 1 |  1.8
Throwing       | 1 |  1.8
Armour         | 1 |  1.8
Stealth        | 1 |  1.8
Shields        | 1 |  1.8
Evocations     | 1 |  1.8
Conjurations   | 1 |  1.4
Hexes          | 1 |  1.4
Summonings     | 1 |  1.4
Necromancy     | 1 |  1.4
Translocations | 1 |  1.4
Fire Magic     | 1 |  1.4
Ice Magic      | 1 |  1.4
Air Magic      | 1 |  1.4
Earth Magic    | 1 |  1.4
Poison Magic   | 1 |  1.4
Fighting       | 3 |  3.1
Transmutations | 4 |  4.0
Dodging        | |  4.9
Unarmed Combat | |  6.8

Action                   |  1- 3 |  4- 6 || total
-------------------------+-------+-------++-------
Melee: Unarmed           |   136 |   112 ||   248
       Kick              |    16 |    22 ||    38
       Bite              |     8 |    10 ||    18
       Punch             |     4 |     4 ||     8
       Headbutt          |     5 |    11 ||    16
 Cast: Beastly Appendage |    23 |    19 ||    42
       Wereblood         |       |     2 ||     2
 Stab: Sleeping          |     2 |     1 ||     3
Armor: Robe              |    31 |    13 ||    44
Dodge: Dodged            |   119 |    75 ||   194
Block: Other             |       |    17 ||    17

Table legend: (Time is in decaauts)
 A = Elapsed time spent in this place.
 B = Non-inter-level travel time spent in this place.
 C = Inter-level travel time spent in this place.
 D = Time resting spent in this place.
 E = Time spent auto-exploring this place.
 F = Levels seen in this place.
 G = Mean time per level.
                   A        B        C        D        E       F      G
               +--------+--------+--------+--------+--------+-----+--------+
         Total |   3791 |   3650 |    141 |    118 |   2768 |   4 |  947.8 |
       Dungeon |   3791 |   3650 |    141 |    118 |   2768 |   4 |  947.8 |
               +--------+--------+--------+--------+--------+-----+--------+

Top non-repeatable levels by time:
     D:3: 1494 daAuts
     D:1: 1232 daAuts
     D:2: 956 daAuts
     D:4: 107 daAuts
